 Dungeon Crawl Stone Soup version 0.29-a0-284-gf9362112df (webtiles) character file.

Game seed: 2961285366173552105

482247 dolemite99 the Warmonger (level 24, -1/187 (193) HPs)
             Began as a Gnoll Necromancer on Mar 24, 2022.
             Was a High Priest of Okawaru.
             Killed from afar by a titan (13 damage)
             ... with a bolt of lightning
             ... on level 5 of the Vaults on Mar 25, 2022.
             The game lasted 04:14:46 (132671 turns).

dolemite99 the Warmonger (Gnoll Necromancer)      Turns: 132671, Time: 04:14:46

HP:   -1/187 (193)  AC: 35    Str:  7    XL:     24   Next: 88%
MP:   4/44          EV: 13    Int: 32    God:    Okawaru [*****.]
Gold: 4072          SH: 13    Dex: 14    Spells: 5/57 levels left

rFire   . . .      SeeInvis +   N - +3 demon whip (freeze)
rCold   + + .      Faith    .   W - +0 buckler "Bafreb" {rC+ rN+ SInv}
rNeg    + + .      Spirit   .   e - +8 scale mail "Ifesouro" {+Blink rElec Str+2, GIFT}
rPois   +          Reflect  +   B - +2 helmet
rElec   +          Harm     .   E - +2 cloak {Will+}
rCorr   +          Rampage  .   m - +1 pair of gloves "Onyuz" {rC+}
Will    ++...                   U - +1 pair of boots "Fithikky" {Int+4}
Stlth   +++++.....              y - amulet of reflection
HPRegen 0.00/turn               i - +4 ring of protection {=R}
MPRegen 0.29/turn               t - ring of Ru's Envy {rElec rPois rN+ rCorr SInv}

@: mighty, brilliant, very slightly contaminated, inhibited regen, studying
Stealth, lightly drained
A: fangs 1, strong nose, distributed training, clever 1, electricity resistance,
inhibited regeneration, weak 1
}: 2/15 runes: barnacled, gossamer
a: Renounce Religion, Evoke Blink, Heroism, Finesse, Duel


You were on level 5 of the Vaults.
You worshipped Okawaru.
Okawaru was extremely pleased with you.
You visited 9 branches of the dungeon, and saw 46 of its levels.

You collected 7868 gold pieces.
You spent 3796 gold pieces at shops.

Inventory:

Hand Weapons
 a - a +3 sacred scourge of holy wrath
 b - a +7 hand crossbow of flaming
 N - a +3 demon whip of freezing (weapon)
Missiles
 p - 41 silver javelins
 F - 50 atropa-tipped darts
 R - 24 javelins (quivered)
Armour
 e - the +8 scale mail "Ifesouro" (worn) {+Blink rElec Str+2, GIFT}
   (Okawaru gifted it to you on level 5 of the Lair of Beasts)

   Str:       It affects your strength (+2).
   rElec:     It insulates you from electricity.
   +Blink:    It lets you blink.
 m - the +1 pair of gloves "Onyuz" (worn) {rC+}
   (You found it on level 13 of the Dungeon)

   rC:        It protects you from cold.
 B - a +2 helmet (worn)
 E - a +2 cloak of willpower (worn)
 U - the +1 pair of boots "Fithikky" (worn) {Int+4}
   (You found it on level 4 of the Spider Nest)

   Int:       It affects your intelligence (+4).
 W - the +0 buckler "Bafreb" (worn) {rC+ rN+ SInv}
   (You took it off a vault sentinel on level 2 of the Vaults)

   rC:        It protects you from cold.
   rN:        It protects you from negative energy.
   SInv:      It lets you see invisible.
Jewellery
 g - a +4 ring of slaying
 i - a +4 ring of protection (left hand) {=R}
 n - a ring of resist corrosion
 q - a ring of willpower
 r - the ring "Hyhyces" {MP+9 Str+6 Dex+6}
   (You found it on level 2 of the Depths)

   [ring of strength]

   Str:       It affects your strength (+6).
   Dex:       It affects your dexterity (+6).
   MP:        It affects your magic capacity (+9).
 s - a ring of protection from fire
 t - the ring of Ru's Envy (right hand) {rElec rPois rN+ rCorr SInv}
   (You took it off a deep elf annihilator on level 3 of the Elven Halls)

   [ring of resist corrosion]

   rElec:     It insulates you from electricity.
   rPois:     It protects you from poison.
   rN:        It protects you from negative energy.
   SInv:      It lets you see invisible.
   rCorr:     It protects you from acid and corrosion.
 w - a +6 ring of intelligence
 y - an amulet of reflection (around neck)
 A - the ring "Naniwerph" {rF+ Int+4}
   (You took it off a deep elf annihilator on level 3 of the Elven Halls)

   [ring of protection from fire]

   Int:       It affects your intelligence (+4).
   rF:        It protects you from fire.
 D - a ring of protection from cold
 V - a +6 ring of intelligence
Wands
 d - a wand of digging (6)
 u - a wand of iceblast (2)
 G - a wand of mindburst (6)
 M - a wand of paralysis (8)
 S - a wand of polymorph (17)
Scrolls
 c - 3 scrolls of fear
 j - 2 scrolls of magic mapping
 k - 31 scrolls of identify {@r1}
 z - 6 scrolls of teleportation
 L - a scroll of holy word
 Y - a scroll of silence
Potions
 l - 4 potions of attraction
 o - a potion of might
 H - 2 potions of berserk rage
 I - 2 potions of flight
 K - 4 potions of ambrosia
 P - 17 potions of lignification
 Q - a potion of brilliance
Miscellaneous
 f - a piece from Xom's chessboard (15/15)
 v - a phial of floods (inert)
 x - a lightning rod (inert)
 C - a condenser vane (inert)
 O - a tin of tremorstones (inert)


   Skills:
 + Level 16.6 Fighting
 + Level 16.6 Short Blades
 + Level 16.6 Long Blades
 + Level 16.6 Axes
 + Level 16.6 Maces & Flails
 + Level 16.6 Polearms
 + Level 16.6 Staves
 + Level 16.6 Slings
 + Level 16.6 Bows
 + Level 16.6 Crossbows
 + Level 16.6 Throwing
 + Level 16.6 Armour
 + Level 17.2 Dodging
 + Level 17.4 Stealth
 + Level 16.6 Shields
 + Level 16.6 Unarmed Combat
 + Level 17.3 Spellcasting
 + Level 14.1 Conjurations
 + Level 14.1 Hexes
 + Level 14.1 Summonings
 + Level 15.7 Necromancy
 + Level 14.1 Translocations
 + Level 14.1 Transmutations
 + Level 14.1 Fire Magic
 + Level 14.1 Ice Magic
 + Level 14.1 Air Magic
 + Level 14.1 Earth Magic
 + Level 14.1 Poison Magic
 + Level 18.0 Invocations
 + Level 16.6 Evocations


You had 5 spell levels left.
You knew the following spells:

 Your Spells              Type           Power      Damage    Failure   Level
a - Borgnjor's Vile Clut  Necr/Erth      55%        N/A       1%          5
b - Iron Shot             Conj/Erth      54%        9d10      3%          6
c - Olgreb's Toxic Radia  Pois           100%       N/A       1%          4
e - Iskenderun's Mystic   Conj/Tloc      100%       2d19      1%          4
f - Cause Fear            Hex            54%        N/A       1%          4
g - Vampiric Draining     Necr           100%       2d13      1%          3
h - Dispel Undead         Necr           100%       3d31      1%          4
i - Static Discharge      Conj/Air       100%       N/A       1%          2
j - Agony                 Necr           100%       N/A       1%          5
k - Yara's Violent Unrav  Hex/Tmut       54%        3d21      1%          5
l - Starburst             Conj/Fire      54%        6d15      3%          6
z - Passage of Golubria   Tloc           100%       N/A       1%          4

Your spell library contained the following spells:

 Spells                   Type           Power      Damage    Failure   Level
 Pain                     Necr           100%       1d9       0%          1
 Slow                     Hex            100%       N/A       1%          1
 Sting                    Tmut/Pois      100%       1d8       1%          1
 Poisonous Vapours        Pois/Air       100%       N/A       1%          2
 Dazzling Flash           Conj/Hex       100%       N/A       1%          3
 Gell's Gravitas          Tloc           100%       N/A       1%          3
 Ignite Poison            Fire/Tmut/Pois 100%       N/A       1%          3
 Inner Flame              Hex/Fire       100%       N/A       1%          3
 Lesser Beckoning         Tloc           100%       N/A       1%          3
 Stone Arrow              Conj/Erth      100%       3d13      1%          3
 Teleport Other           Tloc           100%       N/A       1%          3
 Fulminant Prism          Conj/Hex       54%        3d23      1%          4
 Hailstorm                Conj/Ice       100%       3d20      1%          4
 Ice Form                 Ice/Tmut       100%       N/A       1%          4
 Sticky Flame             Conj/Fire      100%       2d11      1%          4
 Alistair's Intoxication  Tmut/Pois      72%        N/A       1%          5
 Fireball                 Conj/Fire      54%        3d21      1%          5
 Iskenderun's Battlesphe  Conj           100%       2d15      1%          5
 Conjure Ball Lightning   Conj/Air       54%        3x3d20    3%          6
 Eringya's Noxious Bog    Tmut/Pois      54%        N/A       3%          6
 Statue Form              Tmut/Erth      72%        N/A       3%          6
 Storm Form               Tmut/Air       54%        N/A       21%         7
 Borgnjor's Revivificati  Necr           56%        N/A       65%         8
 Necromutation            Tmut/Necr      55%        N/A       75%         8
 Discord                  Hex            54%        N/A       85%         8
 Disjunction              Tloc           54%        N/A       85%         8
 Ignition                 Fire           54%        3d15      85%         8
 Lehudib's Crystal Spear  Conj/Erth      54%        10d13     85%         8
 Death's Door             Necr           56%        N/A       100%        9
 Animate Skeleton         Necr           Unusable   N/A       N/A         1
 Summon Guardian Golem    Hex/Summ       Unusable   N/A       N/A         3
 Tukima's Dance           Hex            Unusable   N/A       N/A         3
 Animate Armour           Summ/Erth      Unusable   N/A       N/A         4
 Animate Dead             Necr           Unusable   N/A       N/A         4
 Summon Lightning Spire   Summ/Air       Unusable   N/A       N/A         4
 Simulacrum               Ice/Necr       Unusable   N/A       N/A         6
 Spellforged Servitor     Conj/Summ      Unusable   N/A       N/A         7
 Infestation              Necr           Unusable   N/A       N/A         8

Dungeon Overview and Level Annotations

Branches:
Dungeon (15/15)            Temple (0/1) D:5            Lair (6/6) D:10
 Shoals (4/4) Lair:4       Spider (4/4) Lair:2        Slime (0/5) Lair:6
    Orc (2/2) D:9             Elf (3/3) Orc:2        Vaults (5/5) D:14
  Crypt (3/3) Vaults:3       Tomb (0/3) Crypt:3      Depths (4/4) D:15
    Zot (0/5) Depths:4

Altars:
Cheibriados
Dithmenos
Elyvilon
Gozag
Kikubaaqudgha
Okawaru
Qazlal
Ru
Sif Muna
Trog
Vehumet
Yredelemnul

Shops:
D:3 !   D:6 *   D:7 *   D:11 (   D:13 *   Orc:2 [!((   Elf:2 *   Elf:3 =
Shoals:3 ([   Vaults:3 [=   Vaults:4 ?

Portals:
Hell: Depths:1 Depths:2 Depths:3 Depths:4
Abyss: Depths:2 Depths:3
Pandemonium: Depths:2
Ziggurat: Depths:1

Annotations:
D:9 3 runed translucent doors, Amaemon; indyram44's ghost, novice GnTm
D:11 exclusion: door
Lair:6 exclusion: obsidian statue
Shoals:1 3 runed translucent doors, nilya's ghost, adept DgWn; zazu2006's ghost, adept NaWz
Shoals:2 2 transporters, Coargh's ghost, adept DjCj
Spider:2 Jorgrun
Orc:1 3 runed translucent doors, Riale's ghost, adept MiFE
Elf:2 3 runed translucent doors
Vaults:5 Frederick
Crypt:1 3 runed translucent doors
Depths:1 2 transporters, drugrobin's ghost, adept DgFi
Depths:3 2 runed translucent doors


Innate Abilities, Weirdness & Mutations

You have very sharp teeth.
Your uncanny sense of smell can sniff out nearby items.
Your experience applies equally to all skills.
Your mind is acute. (Int +2)
You are resistant to electric shocks. (rElec)
You do not regenerate when monsters are visible.
You are weak. (Str -2)


Message History

As you read the scroll of teleportation, it crumbles to dust.
You feel strangely unstable. You block the hornet's attack.
The shadow dragon bites you but does no damage.
The shadow dragon barely misses you. The shadow dragon closely misses you.
The hornet closely misses you.
You feel more clever all of a sudden.
You block the shadow dragon's attack. x2
The shadow dragon claws you but does no damage.
The hornet completely misses you.
The shadow dragon attacks as you move away!
The shadow dragon bites you but does no damage.
You block the shadow dragon's attack.
The shadow dragon claws you but does no damage.
Your surroundings suddenly seem different.
A titan and a golden dragon come into view.
Found a +0 kite shield.
The titan shouts!
The golden dragon breathes cold at you. The bolt of cold hits you. You resist.
* * * LOW HITPOINT WARNING * * *
The titan waves its arms in wide circles.
The air twists around and strikes you.
An iron dragon comes into view.
The iron dragon roars deafeningly!
The iron dragon moves out of view.
An ancient lich comes into view.
A stone giant comes into view.
A red very ugly thing comes into view.
As you read the scroll of fear, it crumbles to dust.
You assume a fearsome visage.
The stone giant looks frightened!
The stone giant shouts!
The red very ugly thing looks frightened!
The red very ugly thing gurgles horribly!
The titan resists with almost no effort.
The golden dragon resists with almost no effort.
You hear a shout!
The titan gestures at you while chanting.
The bolt of lightning hits the golden dragon!
The golden dragon resists.
The bolt of lightning hits you! You resist.
You die...

***********################******
,,,,,,,,,,,................,,,,,,
,,,,,,,,,,,....^...........,,,,,,
*********#######........###******
,,,,,,,,,........D..C....#*****,,
,,*****,,.......@#....#....,,***,
,,*,,,*,,........#....#*..#*,,***
,,+,,,*,,.##C##..#....#*,##**,* *
,,*,,,*,,,#uL,#..#....#*,****,**
,,*****,,,#,,,#..#...[#*,,**,,,**
,,,,,,,,,,*,,,#..#....#**,,,,,,,*
,,,,,,,,,,****#..#....#,****,,,,,
,,**+**,,,,,,,...#,,,,*,,****,,,,
,,*,,,*,,,,,,,,,,*,,,,*,,,***,,,,


You could see a titan, a golden dragon (catching breath), a red very ugly thing
(fleeing) and a stone giant (fleeing).

Vanquished Creatures
  A dread lich (Crypt:3)
  Mennas (Arena)
  2 juggernauts (Depths:2)
  Sojobo (Arena)
  Josephina (Crypt:2)
  Vv (Crypt:1)
  2 bone dragons
  A walking earthen tome (Depths:2)
  Rupert (D:13)
  3 tentacled monstrosities
  A walking crystal tome (Depths:2)
  5 liches
  2 deep elf blademasters (Elf:3)
  A deep elf master archer (Elf:3)
  A quicksilver dragon (Vaults:5)
  5 sphinxes
  An ancient champion (Crypt:2)
  Frances (Shoals:1)
  4 storm dragons
  6 shadow dragons
  3 tengu reavers
  Ilsuiw (Shoals:4)
  2 revenants
  6 fire giants
  8 frost giants
  9 emperor scorpions
  3 deep elf elementalists (Elf:3)
  4 deep elf sorcerers
  A draconian scorcher (Depths:4)
  7 ghouls (Crypt:1)
  A juggernaut zombie (D:15)
  3 orc warlords
  11 ghost moths
  10 vault wardens
  3 curse skulls
  A draconian shifter (Depths:4)
  A spriggan defender (Depths:3)
  14 ironbound preservers
  15 stone giants
  2 broodmothers
  A juggernaut skeleton (Depths:1)
  5 war gargoyles
  25 very ugly things
  A caustic shrike skeleton (Crypt:3)
  4 vampire knights
  An eleionoma (shapeshifter) (Vaults:5)
  8 ironbound thunderhulks
  12 dire elephants
  A green draconian (Depths:4)
  A yellow draconian (Depths:4)
  6 deep elf annihilators (Elf:3)
  12 entropy weavers
  A red draconian (Depths:4)
  4 deep elf demonologists
  A white draconian (Depths:4)
  15 spark wasps
  3 eidola
  5 crystal guardians
  6 ettins
  7 merfolk javelineers
  8 deep elf death magi
  8 merfolk impalers
  An iron golem (Depths:3)
  6 fire dragons
  5 great orbs of eyes
  A rakshasa (Depths:2)
  A spectral quicksilver dragon (Crypt:1)
  8 jiangshi
  6 yaktaur captains
  9 deep elf high priests
  7 ice dragons
  An elf skeleton (Crypt:1)
  16 vault guards
  4 hell beasts (Crypt:1)
  2 jorogumos
  6 ironbound frosthearts
  5 spriggan air magi
  3 death knights
  3 merfolk avatars
  9 centaur warriors
  A fenstrider witch skeleton (Crypt:1)
  9 hydras
  3 catoblepae
  6 boulder beetles
  2 ogre magi
  2 peacekeepers
  An alligator snapping turtle (Shoals:4)
  5 merfolk aquamancers
  6 two-headed ogres
  17 dancing weapons
  7 satyrs
  A satyr (shapeshifter) (Vaults:2)
  8 deep troll shamans
  5 death yaks
  A radroach (Spider:3)
  10 deep troll earth magi
  Urug (D:13)
  4 orc high priests (Orc:2)
  A spectral dire elephant (Lair:6)
  A tengu warrior (Depths:1)
  A spectral storm dragon (Crypt:1)
  9 vampire magi
  6 spriggan berserkers
  4 titan zombies
  11 deep elf knights
  A storm dragon zombie (Crypt:1)
  16 hell knights
  A titan skeleton (Crypt:3)
  3 shadow wraiths (Crypt:1)
  4 pharaoh ants
  12 iron trolls
  A sun moth (Spider:1)
  A spectral death yak (Lair:6)
  A spark wasp zombie (D:15)
  8 steelbarb worms
  13 sea snakes
  2 spectral anacondas
  A golden dragon zombie (Depths:1)
  22 skeletal warriors
  8 flayed ghosts
  59 deep trolls
  An anaconda zombie (Crypt:3)
  7 orb spiders
  3 glowing orange brains
  A steelbarb worm (shapeshifter) (Depths:2)
  13 ironbound convokers
  A spriggan simulacrum (Crypt:2)
  6 orc knights
  12 phantasmal warriors
  An iron giant skeleton (Crypt:3)
  7 lindwurms
  4 deep elf archers
  3 wizards
  12 deep elf zephyrmancers
  An iron dragon zombie (Vaults:3)
  22 necromancers
  A bunyip skeleton (Crypt:3)
  A golden dragon skeleton (Crypt:1)
  25 deep elf pyromancers
  A wolf spider zombie (Crypt:1)
  A shadow dragon zombie (Depths:1)
  25 ugly things
  22 harpies
  A faun (shapeshifter) (Vaults:4)
  2 fire giant zombies
  A draconian zombie (Crypt:1)
  7 orc sorcerers (Orc:2)
  A stone giant zombie (Crypt:1)
  13 wolf spiders
  13 manticores
  A spectral merfolk (Crypt:1)
  A moth of wrath (Spider:1)
  6 cyclopes
  9 fauns
  9 merfolk sirens
  3 spectral centaurs (Crypt:1)
  16 elephants
  7 black mambas
  2 frost giant skeletons
  20 vault sentinels
  Maurice (D:9)
  2 centaur zombies (Crypt:3)
  6 water nymphs
  Joseph (D:7)
  6 centaur skeletons
  3 torpor snails
  9 cane toads
  A gargoyle (D:13)
  An orange demon (D:9)
  3 dire elephant skeletons
  A komodo dragon (shapeshifter) (Vaults:5)
  Maggie (D:9)
  A bunyip simulacrum (Crypt:2)
  9 komodo dragons
  A minotaur zombie (Crypt:1)
  10 yaktaurs
  9 demonic crawlers
  2 rime drakes
  9 freezing wraiths
  An efreet (D:14)
  A spectral demonspawn (Crypt:1)
  2 anaconda simulacra
  A catoblepas skeleton (Crypt:2)
  A human skeleton (Vaults:3)
  3 tengu conjurers
  A spectral naga (Crypt:1)
  3 harpy zombies
  32 merfolk
  9 polar bears
  2 alligator snapping turtle skeletons
  6 trolls
  A spectral harpy (Crypt:1)
  A meliai (shapeshifter) (D:13)
  6 meliai
  3 harpy skeletons
  11 wind drakes
  A merfolk (shapeshifter) (Vaults:5)
  Grinder (D:3)
  4 hornets
  2 spectral elephants (Lair:6)
  A spriggan zombie (D:15)
  5 snapping turtles
  12 tarantellas
  A satyr zombie (Crypt:1)
  An iron dragon simulacrum (Crypt:1)
  A stone giant simulacrum (Depths:1)
  17 dream sheep
  6 blink frogs
  14 slime creatures
  2 hydra skeletons
  An ettin zombie (Vaults:3)
  18 culicivoras
  An ettin skeleton (Crypt:1)
  56 flying skulls
  30 jumping spiders
  4 spriggans
  2 shadows
  4 wyverns
  6 centaur simulacra (D:13)
  A vampire (D:12)
  7 wraiths
  A black mamba zombie (Crypt:2)
  7 water elementals
  3 air elementals
  2 naga simulacra (Crypt:2)
  34 yaks
  2 humans (shapeshifter)
  4 fire elementals
  5 basilisks
  14 vampire mosquitoes
  A death yak simulacrum (Lair:6)
  80 redbacks
  3 steam dragons
  2 acid dragons
  A two-headed ogre zombie (Crypt:2)
  A warg (Orc:2)
  A deep troll zombie (Crypt:2)
  11 water moccasins
  A floating eye (Depths:4)
  A naga skeleton (Crypt:3)
  23 orc warriors
  A deep troll skeleton (Crypt:2)
  A meliai simulacrum (D:13)
  2 ice beasts (D:13)
  A lindwurm zombie (Crypt:2)
  5 black bears
  A black mamba simulacrum (Crypt:2)
  A sky beast (D:7)
  14 wolves
  3 ogres
  10 centaurs
  4 elephant skeletons (Lair:6)
  A phantom (D:6)
  2 kobold brigands
  10 bullfrogs
  2 earth elementals
  9 necrophages
  3 scorpions
  A gnoll sergeant (D:9)
  20 wights
  A hornet simulacrum (D:13)
  A jelly (D:5)
  An elephant simulacrum (Lair:6)
  A polar bear skeleton (Crypt:1)
  8 killer bees (D:9)
  3 howler monkeys
  2 electric eels
  A hound (D:5)
  A jelly (shapeshifter) (Vaults:5)
  3 gnoll shamans
  Crazy Yiuf (D:7)
  9 orc priests
  2 iguanas
  17 orc wizards
  A killer bee zombie (Crypt:2)
  A deep dwarf skeleton (Crypt:2)
  Robin (D:2)
  17 gnolls
  4 adders
  2 shadow imps (D:7)
  3 white imps
  2 ufetubi
  A lava snake zombie (Crypt:2)
  3 worms
  3 dart slugs
  37 orcs
  A bat skeleton (Crypt:1)
  7 endoplasms
  2 giant cockroaches (D:1)
  4 hobgoblins (D:2)
  2 jackals (D:1)
  2 quokkas
  6 ball pythons
  3 bats
  4 frilled lizards
  A giant cockroach zombie (Crypt:1)
  16 goblins
  A goblin zombie (D:7)
  14 kobolds
  A quokka zombie (D:7)
  7 rats
  A butterfly (Lair:5)
  A tentacle (Shoals:3)
1776 creatures vanquished.

Vanquished Creatures (collateral kills)
  A frilled lizard (D:1)
1 creature vanquished.

Vanquished Creatures (others)
  A vault guard (Vaults:5)
  An orc wizard (Orc:2)
  80 fungi
  232 plants
  10 tentacles (Shoals:3)
  31 withered plants
355 creatures vanquished.

Grand Total: 2132 creatures vanquished

Notes
Turn   | Place    | Note
-------+----------+-------------------------------------------
     0 | D:1      | dolemite99 the Gnoll Necromancer began the quest for the
                  | Orb.
     0 | D:1      | Reached XP level 1. HP: 13/13 MP: 6/6
    56 | D:1      | Reached XP level 2. HP: 12/20 MP: 1/7
   777 | D:1      | Reached XP level 3. HP: 13/25 MP: 3/9
  1184 | D:1      | Reached skill level 5 in Spellcasting
  1222 | D:1      | Learned a level 1 spell: Animate Skeleton
  1226 | D:1      | Learned a level 3 spell: Vampiric Draining
  1530 | D:1      | Reached skill level 1 in Invocations
  1680 | D:2      | Found Qoraell's Magic Scroll Emporium.
  1833 | D:2      | Reached skill level 1 in Fighting
  1833 | D:2      | Reached skill level 1 in Short Blades
  1833 | D:2      | Reached skill level 1 in Long Blades
  1833 | D:2      | Reached skill level 1 in Axes
  1833 | D:2      | Reached skill level 1 in Maces & Flails
  1833 | D:2      | Reached skill level 1 in Polearms
  1833 | D:2      | Reached skill level 1 in Staves
  1833 | D:2      | Reached skill level 1 in Slings
  1833 | D:2      | Reached skill level 1 in Bows
  1833 | D:2      | Reached skill level 1 in Crossbows
  1833 | D:2      | Reached skill level 1 in Throwing
  1833 | D:2      | Reached skill level 1 in Armour
  1833 | D:2      | Reached skill level 1 in Shields
  1833 | D:2      | Reached skill level 1 in Unarmed Combat
  1833 | D:2      | Reached skill level 1 in Evocations
  1840 | D:2      | Noticed Robin
  1895 | D:2      | Reached XP level 4. HP: 26/32 MP: 4/11
  1899 | D:2      | Killed Robin
  2295 | D:2      | Identified the +6 trident "Qupo" {holy, rPois Int+3}
  2430 | D:2      | Reached skill level 1 in Conjurations
  2430 | D:2      | Reached skill level 1 in Hexes
  2430 | D:2      | Reached skill level 1 in Summonings
  2430 | D:2      | Reached skill level 1 in Translocations
  2430 | D:2      | Reached skill level 1 in Transmutations
  2430 | D:2      | Reached skill level 1 in Fire Magic
  2430 | D:2      | Reached skill level 1 in Ice Magic
  2430 | D:2      | Reached skill level 1 in Air Magic
  2430 | D:2      | Reached skill level 1 in Earth Magic
  2430 | D:2      | Reached skill level 1 in Poison Magic
  2668 | D:3      | Noticed Grinder
  2685 | D:3      | Killed Grinder
  2686 | D:3      | Reached skill level 2 in Invocations
  2686 | D:3      | Reached XP level 5. HP: 38/38 MP: 12/12
  2686 | D:3      | Reached XP level 6. HP: 44/44 MP: 14/14
  2743 | D:3      | Reached skill level 5 in Dodging
  2927 | D:3      | Found a faded altar of an unknown god.
  2948 | D:3      | Prayed at the altar of an unknown god.
  2948 | D:3      | Became a worshipper of Warmaster Okawaru
  2948 | D:3      | Reached * piety under Okawaru
  2999 | D:3      | Found a sacrificial altar of Ru.
  3281 | D:3      | Found Piocokaph's Distillery.
  3289 | D:3      | Bought a potion of heal wounds for 50 gold pieces
  3289 | D:3      | Bought a potion of brilliance for 40 gold pieces
  3419 | D:4      | Found a bloodstained altar of Trog.
  4160 | D:4      | Found a shimmering blue altar of Sif Muna.
  4236 | D:4      | Reached XP level 7. HP: 50/50 MP: 6/15
  4481 | D:5      | Entered Level 5 of the Dungeon
  4828 | D:5      | Reached ** piety under Okawaru
  5514 | D:5      | Reached skill level 5 in Stealth
  5700 | D:5      | Reached skill level 3 in Invocations
  6243 | D:5      | Found a staircase to the Ecumenical Temple.
  6528 | D:6      | Reached XP level 8. HP: 42/57 MP: 11/16
  6608 | D:6      | Found Fuhitics's General Store.
  6959 | D:6      | Found an iron altar of Okawaru.
  6995 | D:6      | Learned a level 3 spell: Stone Arrow
  7388 | D:6      | Found a white marble altar of Elyvilon.
  7700 | D:7      | Reached *** piety under Okawaru
  7703 | D:7      | Reached skill level 4 in Invocations
  8105 | D:7      | Found Awaju's General Store.
  8469 | D:7      | Reached XP level 9. HP: 65/65 MP: 16/18
  8491 | D:7      | Bought a scroll of fear for 45 gold pieces
  8491 | D:7      | Bought a scroll of identify for 26 gold pieces
  8491 | D:7      | Bought a potion of heal wounds for 65 gold pieces
  8540 | D:7      | Noticed a hornet
  8553 | D:7      | Noticed Joseph
  8595 | D:7      | Killed Joseph
  8595 | D:7      | Received a gift from Okawaru
  8845 | D:7      | Found a runed translucent door.
  8846 | D:7      | Noticed Crazy Yiuf
  8855 | D:7      | Killed Crazy Yiuf
  9268 | D:7      | Killed a hornet
  9269 | D:7      | Reached skill level 5 in Invocations
  9851 | D:7      | Bought a potion of brilliance for 52 gold pieces
 10397 | D:8      | Reached XP level 10. HP: 73/73 MP: 1/20
 10406 | D:8      | Reached **** piety under Okawaru
 10850 | D:7      | Bought a wand of flame (10) for 78 gold pieces
 11228 | D:8      | Reached skill level 5 in Fighting
 11228 | D:8      | Reached skill level 5 in Short Blades
 11228 | D:8      | Reached skill level 5 in Long Blades
 11228 | D:8      | Reached skill level 5 in Axes
 11228 | D:8      | Reached skill level 5 in Maces & Flails
 11228 | D:8      | Reached skill level 5 in Polearms
 11228 | D:8      | Reached skill level 5 in Staves
 11228 | D:8      | Reached skill level 5 in Slings
 11228 | D:8      | Reached skill level 5 in Bows
 11228 | D:8      | Reached skill level 5 in Crossbows
 11228 | D:8      | Reached skill level 5 in Throwing
 11228 | D:8      | Reached skill level 5 in Armour
 11228 | D:8      | Reached skill level 5 in Shields
 11228 | D:8      | Reached skill level 5 in Unarmed Combat
 11228 | D:8      | Reached skill level 5 in Evocations
 11297 | D:8      | Received a gift from Okawaru
 12949 | D:9      | Noticed Maurice
 12955 | D:9      | Paralysed by Maurice for 3 turns
 12966 | D:9      | Killed Maurice
 13463 | D:9      | Noticed Amaemon
 13463 | D:9      | Noticed an orange demon
 13515 | D:9      | Noticed Maggie
 13541 | D:9      | Received a gift from Okawaru
 13542 | D:9      | Reached skill level 6 in Invocations
 13552 | D:9      | Killed Maggie
 13583 | D:9      | Learned a level 3 spell: Inner Flame
 13588 | D:9      | Learned a level 4 spell: Cause Fear
 13594 | D:9      | Learned a level 5 spell: Agony
 13723 | D:9      | Found a staircase to the Orcish Mines.
 13760 | D:10     | Entered Level 10 of the Dungeon
 14853 | D:9      | Found a runed translucent gate.
 14853 | D:9      | Found a runed translucent gate.
 14853 | D:9      | Found a runed translucent gate.
 14867 | D:10     | Found the +7 Kryia's mail coat {PotionHeal*2 rC+}
 14892 | D:10     | Identified the +4 hunting sling of Waelynn {freeze, rCorr}
 14900 | D:10     | Reached XP level 11. HP: 78/81 MP: 5/22
 15564 | D:9      | Noticed a white ugly thing
 15564 | D:9      | Noticed a brown ugly thing
 15564 | D:9      | Noticed a brown ugly thing
 15564 | D:9      | Noticed a red ugly thing
 15565 | D:9      | Noticed a red ugly thing
 15565 | D:9      | Noticed a red ugly thing
 15566 | D:9      | Noticed a glowing orange brain
 15581 | D:9      | Found a shadowy altar of Dithmenos.
 15914 | D:10     | Reached skill level 5 in Conjurations
 15914 | D:10     | Reached skill level 5 in Hexes
 15914 | D:10     | Reached skill level 5 in Summonings
 15914 | D:10     | Reached skill level 5 in Translocations
 15914 | D:10     | Reached skill level 5 in Transmutations
 15914 | D:10     | Reached skill level 5 in Fire Magic
 15914 | D:10     | Reached skill level 5 in Ice Magic
 15914 | D:10     | Reached skill level 5 in Air Magic
 15914 | D:10     | Reached skill level 5 in Earth Magic
 15914 | D:10     | Reached skill level 5 in Poison Magic
 16154 | D:10     | Found a staircase to the Lair.
 16311 | D:11     | Received a gift from Okawaru
 16607 | D:11     | Identified the amulet "Wainko" {Acrobat rCorr}
 16648 | D:11     | Noticed a six-headed hydra
 17191 | D:11     | Received a gift from Okawaru
 17411 | D:11     | Identified a scroll of acquirement
 17411 | D:11     | Acquired a staff of poison
 17603 | D:11     | Received a gift from Okawaru
 17823 | D:11     | Noticed a centaur warrior
 17831 | D:11     | Killed a centaur warrior
 17832 | D:11     | Reached skill level 7 in Invocations
 18204 | D:11     | Found Duciotwo's Antique Weapon Shop.
 18272 | D:11     | Received a gift from Okawaru
 18721 | D:11     | Noticed an eight-headed hydra
 18827 | D:12     | Noticed a deep elf pyromancer
 18834 | D:12     | Killed a deep elf pyromancer
 18921 | D:12     | Noticed a five-headed hydra
 19723 | D:11     | Killed an eight-headed hydra
 19724 | D:11     | Reached XP level 12. HP: 89/89 MP: 24/24
 19781 | D:11     | Killed a six-headed hydra
 20088 | Lair:1   | Entered Level 1 of the Lair of Beasts
 20183 | Lair:1   | Received a gift from Okawaru
 21239 | Lair:2   | Learned a level 4 spell: Olgreb's Toxic Radiance
 21458 | Lair:2   | Noticed a catoblepas
 21482 | Lair:2   | Killed a catoblepas
 21482 | Lair:2   | Reached ***** piety under Okawaru
 21796 | Lair:2   | Reached skill level 8 in Invocations
 22105 | Lair:2   | Found a hole to the Spider Nest.
 22161 | Lair:2   | Received a gift from Okawaru
 23691 | Lair:3   | Identified the +3 buckler of Ywuecuy {Regen+ Str+3 Dex+3}
 24752 | Lair:4   | Noticed an eight-headed hydra
 24762 | Lair:4   | Killed an eight-headed hydra
 24904 | Lair:4   | Found a staircase to the Shoals.
 25007 | Lair:4   | Identified the +4 ring mail of Jyan Bel {-Cast rPois Str+4}
                  | (Okawaru gifted it to you on level 4 of the Lair of Beasts)
 25007 | Lair:4   | Received a gift from Okawaru
 25074 | Lair:4   | Learned a level 4 spell: Sticky Flame
 25077 | Lair:4   | Learned a level 2 spell: Static Discharge
 25078 | Lair:4   | Noticed a death yak
 25078 | Lair:4   | Noticed a death yak
 25078 | Lair:4   | Noticed a death yak
 25098 | Lair:3   | Killed a death yak
 25099 | Lair:3   | Reached XP level 13. HP: 93/98 MP: 11/26
 26402 | Lair:4   | Identified the ring "Lenemm" {*Slow rElec rPois Will+}
 26407 | Lair:4   | Got Cebbaisy's Guide on Unstable Translocation
 26477 | Lair:5   | Reached skill level 9 in Invocations
 26562 | Lair:4   | Reached skill level 10 in Necromancy
 27918 | Lair:5   | Identified the +8 scale mail "Ifesouro" {+Blink rElec
                  | Str+2} (Okawaru gifted it to you on level 5 of the Lair of
                  | Beasts)
 27918 | Lair:5   | Received a gift from Okawaru
 28296 | Lair:5   | Reached skill level 10 in Spellcasting
 29011 | Lair:6   | Entered Level 6 of the Lair of Beasts
 29011 | Lair:6   | Found a staircase to the Slime Pits.
 29785 | Lair:6   | Reached skill level 10 in Dodging
 29789 | Lair:6   | Reached XP level 14. HP: 106/106 MP: 5/28
 30248 | Lair:6   | Reached skill level 10 in Stealth
 30463 | Lair:6   | Reached skill level 10 in Invocations
 30546 | Lair:6   | Received a gift from Okawaru
 30930 | Lair:6   | Learned a level 4 spell: Dispel Undead
 31258 | Lair:6   | Noticed a dire elephant
 31258 | Lair:6   | Noticed a dire elephant
 31258 | Lair:6   | Noticed a dire elephant
 31377 | Lair:6   | Noticed a dire elephant
 31388 | Lair:6   | Killed a dire elephant
 32962 | Lair:6   | Received a gift from Okawaru
 32967 | Lair:6   | Killed a dire elephant
 32984 | Lair:6   | Killed a dire elephant
 33363 | Orc:1    | Entered Level 1 of the Orcish Mines
 33712 | Orc:1    | Found a runed translucent gate.
 33712 | Orc:1    | Found a runed translucent gate.
 33712 | Orc:1    | Found a runed translucent gate.
 34172 | Orc:1    | Found an opulent altar of Gozag.
 34175 | Orc:1    | Noticed Riale's ghost (adept MiFE)
 35001 | Orc:2    | Entered Level 2 of the Orcish Mines
 36405 | Orc:2    | Reached XP level 15. HP: 115/115 MP: 15/29
 36829 | Orc:2    | Found a staircase to the Elven Halls.
 37252 | Orc:2    | Noticed an orc warlord
 37257 | Orc:2    | Killed an orc warlord
 37257 | Orc:2    | Received a gift from Okawaru
 37772 | Orc:2    | Found Rodwav's Antique Weapon Shop.
 37776 | Orc:2    | Found Piaxoh's Distillery.
 37786 | Orc:2    | Found Doetos's Antique Armour Shoppe.
 37788 | Orc:2    | Found Lelirchoemn's Weapon Shop.
 38177 | Orc:2    | Bought an encrusted leather armour for 147 gold pieces
 38177 | Orc:2    | Identified the +1 leather armour of the Manifold Xeniums
                  | {rElec Str-4 Int+5} (You bought it in a shop on level 2 of
                  | the Orcish Mines)
 38181 | Orc:2    | Bought a silken robe for 119 gold pieces
 38181 | Orc:2    | Identified the +1 robe "Fomoz" {Str+2} (You bought it in a
                  | shop on level 2 of the Orcish Mines)
 38185 | Orc:2    | Bought a runed leather armour for 105 gold pieces
 38203 | Orc:2    | Bought a potion of haste for 140 gold pieces
 38203 | Orc:2    | Bought a potion of ambrosia for 112 gold pieces
 38203 | Orc:2    | Bought a potion of might for 56 gold pieces
 38203 | Orc:2    | Bought a potion of flight for 42 gold pieces
 38205 | Orc:2    | Bought a jewelled war axe for 263 gold pieces
 38205 | Orc:2    | Identified the +11 war axe of Distraction {vorpal, Contam
                  | rC++ Dex+3} (You bought it in a shop on level 2 of the
                  | Orcish Mines)
 38678 | D:12     | Reached skill level 10 in Fighting
 38678 | D:12     | Reached skill level 10 in Short Blades
 38678 | D:12     | Reached skill level 10 in Long Blades
 38678 | D:12     | Reached skill level 10 in Axes
 38678 | D:12     | Reached skill level 10 in Maces & Flails
 38678 | D:12     | Reached skill level 10 in Polearms
 38678 | D:12     | Reached skill level 10 in Staves
 38678 | D:12     | Reached skill level 10 in Slings
 38678 | D:12     | Reached skill level 10 in Bows
 38678 | D:12     | Reached skill level 10 in Crossbows
 38678 | D:12     | Reached skill level 10 in Throwing
 38678 | D:12     | Reached skill level 10 in Armour
 38678 | D:12     | Reached skill level 10 in Shields
 38678 | D:12     | Reached skill level 10 in Unarmed Combat
 38678 | D:12     | Reached skill level 10 in Evocations
 38737 | D:12     | Identified the +1 chain mail of the Slightly Bent {*Slow
                  | Int+3}
 39727 | D:13     | Noticed Rupert
 40074 | D:13     | Killed Rupert
 40074 | D:13     | Received a gift from Okawaru
 40075 | D:13     | Reached skill level 11 in Invocations
 40278 | D:13     | Identified the ring "Sefubes" {*Slow rCorr Dex+6 Stlth+}
 40948 | D:13     | Found Cal Zasu's Assorted Antiques.
 40952 | D:13     | Bought an embroidered cloak for 285 gold pieces
 40969 | D:13     | Bought an iridescent falchion for 304 gold pieces
 40969 | D:13     | Identified the +7 falchion "Aloitzef" {vorpal, Str+5} (You
                  | bought it in a shop on level 13 of the Dungeon)
 41309 | D:13     | Noticed an orc warlord
 41364 | D:13     | Killed an orc warlord
 41364 | D:13     | Received a gift from Okawaru
 42618 | D:13     | Noticed Urug
 42755 | D:13     | Killed Urug
 45105 | D:14     | Learned a level 5 spell: Borgnjor's Vile Clutch
 45348 | Lair:6   | Received a gift from Okawaru
 45779 | Lair:6   | Got the Handbook of Poison and the Birds
 46816 | D:14     | Found a gate to the Vaults.
 47720 | D:14     | Reached XP level 16. HP: 123/123 MP: 16/31
 48223 | D:15     | Entered Level 15 of the Dungeon
 48793 | D:15     | Found a staircase to the Depths.
 49094 | D:15     | Received a gift from Okawaru
 50780 | D:13     | Identified the +1 pair of gloves "Onyuz" {rC+}
 50973 | Spider:1 | Entered Level 1 of the Spider Nest
 52742 | Spider:1 | Received a gift from Okawaru
 54820 | Spider:2 | Noticed Jorgrun
 54900 | Spider:2 | Learned a level 4 spell: Iskenderun's Mystic Blast
 55207 | Spider:2 | Reached skill level 12 in Invocations
 58289 | Spider:2 | Received a gift from Okawaru
 58919 | Spider:2 | Reached XP level 17. HP: 125/131 MP: 16/33
 62098 | Spider:3 | Identified the +0 pair of gloves "Ript" {rN+} (Okawaru
                  | gifted it to you on level 3 of the Spider Nest)
 62098 | Spider:3 | Received a gift from Okawaru
 62918 | Shoals:1 | Entered Level 1 of the Shoals
 63193 | Shoals:1 | Noticed Frances
 63206 | Shoals:1 | Killed Frances
 64203 | Shoals:1 | Found a runed translucent gate.
 64204 | Shoals:1 | Found a runed translucent gate.
 64245 | Shoals:1 | Found a runed translucent gate.
 64246 | Shoals:1 | Noticed zazu2006's ghost (adept NaWz)
 64246 | Shoals:1 | Noticed nilya's ghost (adept DgWn)
 65613 | Shoals:2 | Reached skill level 10 in Conjurations
 65613 | Shoals:2 | Reached skill level 10 in Hexes
 65613 | Shoals:2 | Reached skill level 10 in Summonings
 65613 | Shoals:2 | Reached skill level 10 in Translocations
 65613 | Shoals:2 | Reached skill level 10 in Transmutations
 65613 | Shoals:2 | Reached skill level 10 in Fire Magic
 65613 | Shoals:2 | Reached skill level 10 in Ice Magic
 65613 | Shoals:2 | Reached skill level 10 in Air Magic
 65613 | Shoals:2 | Reached skill level 10 in Earth Magic
 65613 | Shoals:2 | Reached skill level 10 in Poison Magic
 67222 | Shoals:2 | Found a transporter.
 67232 | Shoals:2 | Found a transporter.
 67233 | Shoals:2 | Noticed Coargh's ghost (adept DjCj)
 67237 | Shoals:2 | Noticed a kraken
 68304 | Shoals:3 | Found Ihodir's Antique Weapon Emporium.
 68425 | Shoals:3 | Noticed a kraken
 68860 | Shoals:3 | Reached skill level 13 in Invocations
 69117 | Shoals:3 | Found Cuwuydigh's Antique Armour Boutique.
 69267 | Shoals:3 | Bought a pair of spiked boots for 304 gold pieces
 69267 | Shoals:3 | Identified the +1 pair of boots of the Rescuing Gods {rElec
                  | rN+} (You bought it in a shop on level 3 of the Shoals)
 69388 | Shoals:3 | Bought a bloodstained leather armour for 224 gold pieces
 69388 | Shoals:3 | Identified the +1 leather armour "Jaroraf" {Contam Harm
                  | rPois rF-} (You bought it in a shop on level 3 of the
                  | Shoals)
 69508 | Shoals:4 | Entered Level 4 of the Shoals
 69518 | Shoals:4 | Received a gift from Okawaru
 70086 | Shoals:4 | Reached XP level 18. HP: 140/140 MP: 9/35
 70708 | Shoals:4 | Learned a level 4 spell: Passage of Golubria
 72532 | Shoals:4 | Noticed Ilsuiw
 72940 | Shoals:4 | Received a gift from Okawaru
 73025 | Shoals:4 | Killed Ilsuiw
 73103 | Shoals:4 | Received a gift from Okawaru
 73602 | Shoals:4 | Got a barnacled rune of Zot
 73666 | Shoals:4 | Identified the +9 lajatang of Icleuw {drain, rF++ Str+7}
 74851 | Vaults:1 | Entered Level 1 of the Vaults
 74873 | Vaults:1 | Received a gift from Okawaru
 75888 | Vaults:1 | Received a gift from Okawaru
 78317 | Vaults:1 | Reached XP level 19. HP: 142/148 MP: 3/36
 78594 | D:9      | Received a gift from Okawaru
 78753 | D:9      | Found a runed translucent gate.
 78753 | D:9      | Found a runed translucent gate.
 78757 | D:9      | Found a runed translucent gate.
 78770 | D:9      | Noticed indyram44's ghost (novice GnTm)
 78949 | Spider:4 | Entered Level 4 of the Spider Nest
 79289 | Spider:4 | Reached skill level 14 in Invocations
 80489 | Spider:4 | Received a gift from Okawaru
 81156 | Spider:4 | Received a gift from Okawaru
 82524 | Spider:4 | Received a gift from Okawaru
 83230 | Spider:4 | Received a gift from Okawaru
 83968 | Spider:4 | Got a gossamer rune of Zot
 83976 | Spider:4 | Identified the +1 pair of boots "Fithikky" {Int+4}
 84530 | D:11     | Bought a glowing demon whip for 468 gold pieces
 86599 | Vaults:2 | Identified the +0 buckler "Bafreb" {rC+ rN+ SInv}
 86662 | Vaults:2 | Received a gift from Okawaru
 87162 | Vaults:2 | Received a gift from Okawaru
 87570 | Vaults:2 | Reached XP level 20. HP: 145/155 MP: 5/38
 88022 | Vaults:2 | Received a gift from Okawaru
 88873 | Vaults:2 | Identified the +9 glaive "Gutzif" {protect, rPois} (Okawaru
                  | gifted it to you on level 2 of the Vaults)
 88873 | Vaults:2 | Received a gift from Okawaru
 88933 | Vaults:3 | Learned a level 5 spell: Yara's Violent Unravelling
 88991 | Vaults:3 | Found a staircase to the Crypt.
 88991 | Vaults:3 | Found an ancient bone altar of Kikubaaqudgha.
 88991 | Vaults:3 | Found a basalt altar of Yredelemnul.
 89408 | Vaults:3 | Found Gyciq's Jewellery Emporium.
 89427 | Vaults:3 | Bought a ring of protection from fire for 575 gold pieces
 91750 | Vaults:3 | Found Ruujoib's Armour Emporium.
 92361 | Vaults:4 | Received a gift from Okawaru
 93333 | Vaults:4 | Received a gift from Okawaru
 93699 | Vaults:4 | Reached skill level 15 in Invocations
 94071 | Vaults:4 | Received a gift from Okawaru
 94413 | Vaults:4 | Identified the +4 longbow of Discord {flame, rN+ Str+3}
 95785 | Vaults:4 | Found Poip's Magic Scroll Shoppe.
 95793 | Vaults:4 | Bought a scroll of enchant weapon for 120 gold pieces
 95793 | Vaults:4 | Bought a scroll of enchant weapon for 120 gold pieces
 96511 | Elf:1    | Entered Level 1 of the Elven Halls
 96775 | Elf:1    | Paralysed by an air elemental for 1 turns
 97307 | Elf:1    | Paralysed by an air elemental for 1 turns
 97312 | Elf:1    | Paralysed by an air elemental for 1 turns
 97494 | Elf:1    | Reached XP level 21. HP: 165/165 MP: 33/39
 98168 | Elf:2    | Reached skill level 15 in Spellcasting
 98431 | Elf:2    | Found Edghos's General Store.
 98439 | Elf:2    | Bought a scroll of fear for 56 gold pieces
 98451 | Elf:2    | Received a gift from Okawaru
 98994 | Elf:2    | Found a runed translucent gate.
 98995 | Elf:2    | Found a runed translucent gate.
 98995 | Elf:2    | Found a runed translucent gate.
 99234 | Depths:1 | Entered Level 1 of the Depths
 99624 | Depths:1 | Reached skill level 15 in Dodging
 99709 | Depths:1 | Got the Almanac of Black Rituals and the Escort
 99946 | Depths:1 | Found a stormy altar of Qazlal.
100746 | Depths:1 | Reached skill level 15 in Stealth
100865 | Depths:1 | Found a gateway to Hell.
100923 | Depths:1 | Found a radiant altar of Vehumet.
100935 | Depths:1 | Found a one-way gateway to a ziggurat.
101035 | Depths:1 | You fall into a shaft and drop 1 floor!
101285 | Depths:2 | Noticed a juggernaut
101306 | Depths:2 | Killed a juggernaut
101306 | Depths:2 | Received a gift from Okawaru
101534 | Depths:2 | Identified the ring "Hyhyces" {MP+9 Str+6 Dex+6}
101724 | Depths:2 | Found a stormy altar of Qazlal.
102248 | Depths:2 | Received a gift from Okawaru
102466 | Depths:2 | Received a gift from Okawaru
102505 | Depths:2 | Noticed a juggernaut
102522 | Depths:2 | Killed a juggernaut
103837 | Depths:1 | Found a transporter.
103894 | Depths:1 | Noticed drugrobin's ghost (adept DgFi)
103895 | Depths:1 | Identified the +8 great mace "Syschaimp" {freeze, rElec
                  | rPois rC+ Int+4}
103896 | Depths:1 | Found a transporter.
103897 | Depths:1 | Found the +2 Maxwell's thermic engine {flame, freeze}
104522 | Depths:2 | Found a one-way gate to the infinite horrors of the Abyss.
104606 | Depths:2 | Found a one-way gate leading to the halls of Pandemonium.
104957 | Depths:3 | Reached skill level 16 in Invocations
105476 | Depths:3 | Reached XP level 22. HP: 143/174 MP: 7/41
106016 | Depths:3 | Identified the +0 plate armour "Dumen" {Str+3} (Okawaru
                  | gifted it to you on level 3 of the Depths)
106016 | Depths:3 | Received a gift from Okawaru
107051 | Depths:3 | Noticed Sojobo
107053 | Arena    | Entered the Arena
107055 | Arena    | Paralysed by an air elemental for 1 turns
107063 | Arena    | Paralysed by an air elemental for 1 turns
107066 | Arena    | Gained mutation: You tend to lose your temper in combat.
                  | [you]
107066 | Arena    | Killed Sojobo
107126 | Depths:3 | Reached skill level 15 in Fighting
107126 | Depths:3 | Reached skill level 15 in Short Blades
107126 | Depths:3 | Reached skill level 15 in Long Blades
107126 | Depths:3 | Reached skill level 15 in Axes
107126 | Depths:3 | Reached skill level 15 in Maces & Flails
107126 | Depths:3 | Reached skill level 15 in Polearms
107126 | Depths:3 | Reached skill level 15 in Staves
107126 | Depths:3 | Reached skill level 15 in Slings
107126 | Depths:3 | Reached skill level 15 in Bows
107126 | Depths:3 | Reached skill level 15 in Crossbows
107126 | Depths:3 | Reached skill level 15 in Throwing
107126 | Depths:3 | Reached skill level 15 in Armour
107126 | Depths:3 | Reached skill level 15 in Shields
107126 | Depths:3 | Reached skill level 15 in Unarmed Combat
107126 | Depths:3 | Reached skill level 15 in Evocations
107296 | Depths:3 | Found a snail-covered altar of Cheibriados.
107543 | Depths:3 | Found a large runed translucent door.
107544 | Depths:3 | Found a large runed translucent door.
108322 | Depths:4 | Entered Level 4 of the Depths
110036 | Depths:4 | Identified the +6 falchion "Laehit" {vorpal, rPois rC+}
110902 | Depths:4 | Gained mutation: You are clumsy. (Dex -2) [you]
111085 | Depths:3 | Lost mutation: You are clumsy. (Dex -2) [potion of
                  | mutation]
111085 | Depths:3 | Lost mutation: You tend to lose your temper in combat.
                  | [potion of mutation]
111085 | Depths:3 | Gained mutation: You are resistant to electric shocks.
                  | (rElec) [potion of mutation]
111085 | Depths:3 | Gained mutation: You are weak. (Str -2) [potion of
                  | mutation]
111085 | Depths:3 | Gained mutation: You do not regenerate when monsters are
                  | visible. [potion of mutation]
111085 | Depths:3 | Gained mutation: Your mind is acute. (Int +2) [potion of
                  | mutation]
111093 | Depths:3 | Learned a level 6 spell: Starburst
111642 | Depths:4 | Found a gate to the Realm of Zot.
112429 | Crypt:1  | Entered Level 1 of the Crypt
114362 | Crypt:1  | Received a gift from Okawaru
114434 | Crypt:1  | Reached XP level 23. HP: 151/173 MP: 22/43
115017 | Crypt:1  | Found an ancient bone altar of Kikubaaqudgha.
115531 | Crypt:1  | Received a gift from Okawaru
116103 | Crypt:1  | Noticed Mennas
116104 | Arena    | Entered the Arena
116125 | Arena    | Killed Mennas
116445 | Crypt:1  | Received a gift from Okawaru
117169 | Crypt:1  | Reached skill level 17 in Invocations
117527 | Crypt:1  | Noticed Vv
117564 | Crypt:1  | Killed Vv
117565 | Crypt:1  | Reached skill level 15 in Necromancy
118366 | Crypt:1  | Found a runed translucent gate.
118367 | Crypt:1  | Found a runed translucent gate.
118369 | Crypt:1  | Found a runed translucent gate.
118629 | Crypt:1  | Noticed a golden dragon
118982 | Crypt:2  | Received a gift from Okawaru
120209 | Crypt:2  | Received a gift from Okawaru
120428 | Crypt:2  | Identified the ring of Gofrool {Ice rPois Int+4}
120428 | Crypt:2  | Noticed Josephina
120443 | Crypt:2  | Killed Josephina
120542 | Crypt:2  | Received a gift from Okawaru
121194 | Crypt:3  | Entered Level 3 of the Crypt
121799 | Crypt:3  | Learned a level 6 spell: Iron Shot
123252 | Crypt:3  | Received a gift from Okawaru
123506 | Crypt:3  | HP: 9/184 [crystal guardian/crystal bolt (40)]
123941 | Crypt:3  | Found a staircase to the Tomb.
124199 | Crypt:3  | Identified the +7 mace of the Boar {flame, rC- Dex+3}
124352 | Crypt:3  | Noticed a dread lich
124376 | Crypt:3  | Reached XP level 24. HP: 140/191 MP: 4/43
124407 | Crypt:3  | Found a basalt altar of Yredelemnul.
125156 | Crypt:3  | Killed a dread lich
125156 | Crypt:3  | Received a gift from Okawaru
126624 | Elf:3    | Entered Level 3 of the Elven Halls
126736 | Elf:3    | Found Tuatysiv's Jewellery Emporium.
127212 | Elf:3    | Identified the +1 ring mail of Dodoro Ufem {Regen+}
127353 | Elf:3    | Received a gift from Okawaru
127742 | Elf:3    | Identified the +9 scimitar of the Sage {flame, rElec rPois
                  | Str-2}
127802 | Elf:3    | Identified the ring "Naniwerph" {rF+ Int+4}
128046 | Elf:3    | Received a gift from Okawaru
128095 | Elf:3    | Identified the +1 plate armour of the Trees {rF+ Str+3
                  | Slay+2}
128243 | Elf:3    | Identified the +2 leather armour "Teudem" {Harm rPois rCorr
                  | SInv}
128335 | Elf:3    | Identified the ring of Ru's Envy {rElec rPois rN+ rCorr
                  | SInv}
128683 | Elf:3    | Identified the +5 hand axe of Turmoil {vorpal, rElec rF+
                  | rC+ Will+ Dex-3}
128720 | Elf:3    | Identified the +5 dagger of Ceinkeo {elec, Int+3 Dex+5}
128825 | Elf:3    | Got the Incunabulum of the Enthralling Mountains
129469 | Vaults:5 | Entered Level 5 of the Vaults
129838 | Vaults:5 | Identified the -4 helmet of the Beginning {rC++}
130426 | Vaults:5 | Received a gift from Okawaru
130863 | Vaults:5 | Identified the +3 spear of Paper {vamp, +Blink Str+3
                  | Stlth+}
131698 | Vaults:5 | Received a gift from Okawaru
132347 | Vaults:5 | Reached skill level 18 in Invocations
132508 | Vaults:5 | Received a gift from Okawaru
132627 | Vaults:5 | Identified the +6 trident "Posoduer" {freeze, +Blink rElec
                  | MP+9 Str-5}
132627 | Vaults:5 | Identified the ring "Gebleuri" {Ice Will+ Dex+2}
132635 | Vaults:5 | Noticed Frederick
132669 | Vaults:5 | Noticed an ancient lich
132671 | Vaults:5 | Killed from afar by a titan

Illustrated notes

Levels and vault maps discovered:
D:1:      scummos_arrival_simple_fountains, layout_rooms
D:2:      layout_basic, serial_shops, shop, uniq_robin
D:3:      layout_loops_corners, mainiacjoe_overflow_small_starburst,
          serial_shops, shop, hellmonk_ecumenical_altar_heavens_door,
          uniq_grinder
D:4:      cheibrodos_helix_gallery, layout_basic, lightli_temple_of_fire,
          mainiacjoe_overflow_alcove_4, hangedman_decor_slide_cut, st_stairs_12
D:5:      layout_basic, minmay_temple_entry_junction
D:6:      layout_loops_ring, okawaru_gym_becter, lemuel_doored_altar,
          serial_shops, nicolae_take_the_stairs, kennysheep_generic_room_7
D:7:      layout_rooms, serial_shops, nicolae_shop_waterfront, enter_ossuary_4,
          st_stairs_9, uniq_joseph, uniq_crazy_yiuf_cottage
D:8:      layout_gridville
D:9:      layout_basic, mainiacjoe_overflow_paths, orc_0_dummy,
          ploomutoo_gammafunk_ghost_potion_laboratory, uniq_maggie,
          uniq_amaemon, uniq_maurice
D:10:     layout_gridville, grunt_lair_entry_orc_guard_hut,
          statue_in_the_mist_lemuel, serial_bayou_pond_e
D:11:     layout_gridville, serial_shops, nicolae_shop_advertising_works
          [nicolae_subvault_shop_adworks], the_hattery
D:12:     layout_cave_pools, kennysheep_another_room, minmay_splitting_lines,
          dreamdust_princess_bridge
D:13:     layout_loops_cross, serial_shops, shop, serial_ice, serial_ice_b,
          serial_ice_j, serial_ice_a, serial_ice_f, serial_ice_c,
          minmay_diamond_spiral, uniq_rupert, uniq_urug
D:14:     layout_basic, hangedman_vaults_entry_quadrant_bands,
          hangedman_decor_diamond_cutter, minmay_diced_spiral
D:15:     gammafunk_depths_entry_grave, layout_grid_maze
Lair:1:   layout_gridlike, grunt_megastairs_5, infiniplex_staircase_pool
Lair:2:   layout_cave_pods, spider_nest_entry_a, roderic_carrion_pond,
          grunt_megastairs_2
Lair:3:   layout_gridlike
Lair:4:   layout_hall_layers, minmay_shoals_entry_lonely_mermaid,
          minmay_lindwurm_lava, lemuel_fruit_tree, infiniplex_staircase_pool_2
Lair:5:   layout_regular_city, cheibrodos_lair_lostbears, lemuel_fruit_fields
Lair:6:   due_jungle_book, layout_regular_city, slime_dummy
Shoals:1: layout_shoals, gammafunk_ghost_cemetery, uniq_frances
Shoals:2: layout_shoals, ebering_ghost_davey_jones
Shoals:3: layout_shoals, serial_shops, nicolae_shop_competitors_out_of_business,
          nicolae_stop_n_shop_1
Shoals:4: shoals_end_grunt_ice, layout_shoals, shoals_ilsuiw_alternative
Spider:1: layout_spider_delve
Spider:2: nicolae_spider_hilbert_zone_7 [nicolae_spider_hilbert_4_sides_1_open,
          nicolae_spider_hilbert_4_sides_1_open,
          nicolae_spider_hilbert_4_sides_1_open,
          nicolae_spider_hilbert_4_sides_1_open,
          nicolae_spider_hilbert_3_sides_1_open,
          nicolae_spider_hilbert_3_sides_1_open,
          nicolae_spider_hilbert_3_sides_1_open,
          nicolae_spider_hilbert_3_sides_1_open,
          nicolae_spider_hilbert_4_sides_1_open,
          nicolae_spider_hilbert_4_sides_1_open,
          nicolae_spider_hilbert_4_sides_1_open,
          nicolae_spider_hilbert_2_sides_1_open,
          nicolae_spider_hilbert_2_sides_1_open,
          nicolae_spider_hilbert_2_sides_1_open,
          nicolae_spider_hilbert_2_sides_1_open,
          nicolae_spider_hilbert_2_sides_1_open,
          nicolae_spider_hilbert_2_sides_1_open], nicolae_spider_circle_web,
          uniq_jorgrun
Spider:3: layout_spider_delve, portal_ice_cave_entry_dragon, drop_trap
Spider:4: grunt_spider_rune_circles
Orc:1:    nicolae_orc_accident_1, layout_diamond_mine, ebering_ghost_gozag,
          nicolae_orc_flooded_monolith
Orc:2:    st_orc_elflike, layout_caves
Elf:1:    layout_geoelf_octagon, hangedman_elf_represent
Elf:2:    nicolae_elf_blades_crystal_corner, layout_gridlike, serial_shops, shop
Elf:3:    minmay_elf_hall_not_hex, layout_geoelf_castle, serial_shops,
          nicolae_diamond_shop
Vaults:1: v_rooms_2, ontoclasm_vaults_claustrophobia, vaults_standard_mumra_x,
          v_misc_8, st_lines, vaults_room_large_hall, vaults_mumra_lcd,
          nicolae_vaults_yaktaur_gun_rack, vaults_standard_mumra_lines,
          nicolae_vaults_alarming, layout_vaults_ring, serial_glass
Vaults:2: infiniplex_enter_wizlab_spiral, v_misc_32, vaults_room_door_hall,
          vaults_room_ringed_pool, st_spiral_rooms,
          nicolae_vaults_specimen_jars, nicolae_vaults_border_crossing,
          vaults_room_hallway, vaults_room_stairs_pillars, vaults_dpeg_ring,
          layout_vaults_big_room
Vaults:3: nicolae_vaults_display_case, v_rooms_3,
          nicolae_vaults_big_angled_halls, nicolae_vaults_little_squares_1,
          hangedman_vaults_river_flow, minmay_crypt_entry_necro_gods,
          ontoclasm_vaults_ring_square, nicolae_vaults_little_squares_1,
          vaults_room_hallway, v_misc_17, grunt_vaults_hallway_long,
          grunt_vaults_twisty, vaults_dpeg_encased_lava, layout_vaults_omnibox,
          serial_shops, nicolae_shop_stone, shop
Vaults:4: hangedman_vaults_pinch, nicolae_vaults_windows_and_doors_thing,
          vaults_room_semicircle, nicolae_vaults_little_squares_3,
          hangedman_vaults_maws, layout_vaults_omnigrid, serial_shops,
          shop_scrolls
Vaults:5: uniq_frederick
Crypt:1:  lemuel_vampire_tower, layout_misc_corridors, pandoras_box_mu,
          uniq_mennas, uniq_vv
Crypt:2:  layout_regular_city, minmay_misc_feat_pillars, uniq_josephina
Crypt:3:  cryptofortress_bobbens
Depths:1: layout_big_octagon, enter_ziggurat_e, gammafunk_ghost_smash,
          nicolae_qazlal_style_of_elements, pf_hell_entry_great_geh,
          minmay_misc_feat_ornament, nicolae_vehumet_radiance
Depths:2: minmay_textured_paths, layout_cave_pools, lemuel_round_altar,
          rand_demon_pan_entry_9, hell_entry, abyss_entry_crystal
Depths:3: lightli_eight_chambers, layout_small_grid, infiniplex_staircase_river,
          hell_entry, abyss_entry_glasseish, slow_altar_1, uniq_sojobo
Depths:4: evilmike_zot_entry_hall, layout_cave_pools, roderic_nine_men_s_morris,
          hell_entry

Skill      XL: |  1  2  3  4  5  6  7  8  9 10 11 12 13 14 15 16 17 18 19 20 21 22 23 24 |
---------------+-------------------------------------------------------------------------+-----
Spellcasting   | 5 6 7 8 9 10 11 12 13 14 15 16 17 | 17.3
Invocations    | 1 2 3 4 5 6 7 8 9 10 11 12 13 14 15 16 17 18 | 18.0
Fighting       | 1 2 3 4 5 6 7 8 9 10 11 12 13 14 15 16 | 16.6
Short Blades   | 1 2 3 4 5 6 7 8 9 10 11 12 13 14 15 16 | 16.6
Long Blades    | 1 2 3 4 5 6 7 8 9 10 11 12 13 14 15 16 | 16.6
Axes           | 1 2 3 4 5 6 7 8 9 10 11 12 13 14 15 16 | 16.6
Maces & Flails | 1 2 3 4 5 6 7 8 9 10 11 12 13 14 15 16 | 16.6
Polearms       | 1 2 3 4 5 6 7 8 9 10 11 12 13 14 15 16 | 16.6
Staves         | 1 2 3 4 5 6 7 8 9 10 11 12 13 14 15 16 | 16.6
Slings         | 1 2 3 4 5 6 7 8 9 10 11 12 13 14 15 16 | 16.6
Bows           | 1 2 3 4 5 6 7 8 9 10 11 12 13 14 15 16 | 16.6
Crossbows      | 1 2 3 4 5 6 7 8 9 10 11 12 13 14 15 16 | 16.6
Throwing       | 1 2 3 4 5 6 7 8 9 10 11 12 13 14 15 16 | 16.6
Armour         | 1 2 3 4 5 6 7 8 9 10 11 12 13 14 15 16 | 16.6
Shields        | 1 2 3 4 5 6 7 8 9 10 11 12 13 14 15 16 | 16.6
Unarmed Combat | 1 2 3 4 5 6 7 8 9 10 11 12 13 14 15 16 | 16.6
Evocations     | 1 2 3 4 5 6 7 8 9 10 11 12 13 14 15 16 | 16.6
Conjurations   | 1 2 3 4 5 6 7 8 9 10 11 12 13 14 | 14.1
Hexes          | 1 2 3 4 5 6 7 8 9 10 11 12 13 14 | 14.1
Summonings     | 1 2 3 4 5 6 7 8 9 10 11 12 13 14 | 14.1
Translocations | 1 2 3 4 5 6 7 8 9 10 11 12 13 14 | 14.1
Transmutations | 1 2 3 4 5 6 7 8 9 10 11 12 13 14 | 14.1
Fire Magic     | 1 2 3 4 5 6 7 8 9 10 11 12 13 14 | 14.1
Ice Magic      | 1 2 3 4 5 6 7 8 9 10 11 12 13 14 | 14.1
Air Magic      | 1 2 3 4 5 6 7 8 9 10 11 12 13 14 | 14.1
Earth Magic    | 1 2 3 4 5 6 7 8 9 10 11 12 13 14 | 14.1
Poison Magic   | 1 2 3 4 5 6 7 8 9 10 11 12 13 14 | 14.1
Dodging        | 5 6 7 8 9 10 11 12 13 14 15 16 17 | 17.2
Stealth        | 5 6 7 8 9 10 11 12 13 14 15 16 17 | 17.4
Necromancy     | 8 9 10 11 12 13 14 15 | 15.7

Action                   |  1- 3 |  4- 6 |  7- 9 | 10-12 | 13-15 | 16-18 | 19-21 | 22-24 || total
-------------------------+-------+-------+-------+-------+-------+-------+-------+-------++-------
Melee: Hunting sling     |     1 |       |       |       |       |       |       |       ||     1
       Trident           |       |    17 |    47 |   195 |    81 |   127 |       |     4 ||   471
       Dagger            |       |     1 |       |       |       |       |       |       ||     1
       Bite              |       |     1 |     6 |    24 |    32 |    61 |    70 |    98 ||   292
       Staff             |       |       |     9 |    10 |    37 |    84 |    55 |       ||   195
       Punch             |       |       |     1 |     2 |       |       |       |       ||     3
       War axe           |       |       |       |       |    15 |       |       |       ||    15
       Falchion          |       |       |       |       |     7 |    32 |       |       ||    39
       Demon blade       |       |       |       |       |       |    31 |    80 |       ||   111
       Demon whip        |       |       |       |       |       |       |   182 |   241 ||   423
       Sacred scourge    |       |       |       |       |       |       |       |   261 ||   261
 Fire: Hunting sling     |    23 |       |       |    54 |       |       |       |       ||    77
       Hand crossbow     |       |    31 |   165 |   243 |   287 |   673 |   385 |   375 ||  2159
Throw: Dart              |       |       |    11 |    35 |    40 |    16 |       |       ||   102
       Javelin           |       |       |     3 |     7 |       |    64 |   343 |   475 ||   892
       Throwing net      |       |       |       |     1 |       |     3 |       |     1 ||     5
 Cast: Pain              |    40 |    55 |    49 |    33 |       |       |       |       ||   177
       Vampiric Draining |     2 |     5 |    41 |    32 |     6 |       |       |     4 ||    90
       Animate Skeleton  |     2 |       |       |       |       |       |       |       ||     2
       Stone Arrow       |       |       |    17 |   165 |   166 |   135 |   163 |   107 ||   753
       Agony             |       |       |       |     8 |     1 |       |       |       ||     9
       Cause Fear        |       |       |       |     3 |       |    11 |     9 |     1 ||    24
       Olgreb's Toxic Ra |       |       |       |    18 |   274 |   314 |   213 |    98 ||   917
       Dispel Undead     |       |       |       |       |    48 |    18 |    16 |   206 ||   288
       Sticky Flame      |       |       |       |       |    18 |    63 |    75 |    21 ||   177
       Borgnjor's Vile C |       |       |       |       |       |   148 |   192 |   172 ||   512
       Iskenderun's Myst |       |       |       |       |       |     2 |     1 |       ||     3
       Passage of Golubr |       |       |       |       |       |     2 |     3 |     1 ||     6
       Yara's Violent Un |       |       |       |       |       |       |     1 |     8 ||     9
       Iron Shot         |       |       |       |       |       |       |       |   100 ||   100
       Starburst         |       |       |       |       |       |       |       |    13 ||    13
Invok: Heroism           |       |       |     7 |    21 |     8 |    44 |    24 |    18 ||   122
       Finesse           |       |       |       |       |     1 |     4 |     6 |     9 ||    20
       Duel              |       |       |       |       |       |       |       |     2 ||     2
 Abil: Evoke Blink       |       |       |       |       |       |       |     1 |     1 ||     2
Evoke: Wand              |       |       |       |    14 |    40 |    27 |    26 |    11 ||   118
       Phial of floods   |       |       |       |       |       |    10 |    10 |    10 ||    30
       Piece from Xom's  |       |       |       |       |       |    10 |    12 |     9 ||    31
       Condenser vane    |       |       |       |       |       |     2 |    14 |    13 ||    29
       Tin of tremorston |       |       |       |       |       |       |    11 |    18 ||    29
       Lightning rod     |       |       |       |       |       |       |       |    10 ||    10
  Use: Scroll            |       |     5 |    12 |    19 |     7 |    16 |    20 |    17 ||    96
       Potion            |       |       |       |     3 |    10 |    18 |    21 |    20 ||    72
 Stab: Sleeping          |       |     2 |       |     4 |       |       |       |       ||     6
       Distracted        |       |       |       |     1 |       |       |       |     1 ||     2
       Paralysed         |       |       |       |       |     7 |       |     1 |       ||     8
       Held in net/web   |       |       |       |       |       |     2 |       |       ||     2
Armor: Robe              |    11 |    18 |    55 |       |       |       |       |       ||    84
       Steam dragon scal |       |       |    30 |   211 |    94 |       |       |       ||   335
       Scale mail        |       |       |       |    18 |    24 |   650 |   456 |   678 ||  1826
       Leather armour    |       |       |       |       |    26 |       |       |       ||    26
Dodge: Dodged            |    19 |    29 |   154 |   442 |   423 |   705 |   577 |   486 ||  2835
Block: Buckler           |       |       |       |   168 |   255 |   627 |   494 |   770 ||  2314
       Reflection        |       |       |       |       |       |       |     1 |    22 ||    23

Table legend: (Time is in decaauts)
 A = Elapsed time spent in this place.
 B = Non-inter-level travel time spent in this place.
 C = Inter-level travel time spent in this place.
 D = Time resting spent in this place.
 E = Time spent auto-exploring this place.
 F = Levels seen in this place.
 G = Mean time per level.
                   A        B        C        D        E       F      G
               +--------+--------+--------+--------+--------+-----+--------+
         Total | 132867 | 125477 |   7390 |  70428 |  36250 |  48 | 2768.1 |
       Dungeon |  34319 |  31087 |   3232 |  17560 |   9204 |  15 | 2287.9 |
          Lair |  16522 |  15395 |   1127 |   7517 |   5931 |   6 | 2753.7 |
        Shoals |  11913 |  11752 |    161 |   6665 |   2927 |   4 | 2978.2 |
   Spider Nest |  15360 |  15052 |    308 |  10837 |   2205 |   4 | 3840.0 |
  Orcish Mines |   5184 |   4802 |    382 |   1686 |   2348 |   2 | 2592.0 |
   Elven Halls |   5279 |   4925 |    354 |   1407 |   2492 |   3 | 1759.7 |
        Vaults |  19770 |  18458 |   1312 |  11080 |   4801 |   5 | 3954.0 |
         Crypt |  12104 |  11999 |    105 |   6510 |   3473 |   3 | 4034.7 |
        Depths |  12345 |  11938 |    407 |   7128 |   2866 |   4 | 3086.2 |
         Arena |     67 |     67 |      0 |     35 |      0 |   2 |   33.5 |
               +--------+--------+--------+--------+--------+-----+--------+

Top non-repeatable levels by time:
    D:13: 5744 daAuts
 Crypt:3: 5043 daAuts
Spider:2: 4951 daAuts
Vaults:3: 4900 daAuts
Vaults:1: 4634 daAuts
 Crypt:1: 4553 daAuts
  Lair:6: 4530 daAuts
Shoals:4: 4303 daAuts
Spider:4: 4240 daAuts
Spider:3: 4152 daAuts
     D:9: 3940 daAuts
  Lair:2: 3785 daAuts
Vaults:4: 3534 daAuts
   Orc:2: 3481 daAuts
Depths:1: 3470 daAuts
